 Dungeon Crawl Stone Soup version 0.23.0-3-gf3c87f2 (webtiles) character file.

Game seed: 4899156973851087749

2809 poirepourri the Grappler (level 9, -2/67 HPs)
             Began as a Ghoul Gladiator on Feb 23, 2019.
             Slain by a wolf (6 damage)
             ... led by Grum
             ... on level 8 of the Dungeon.
             The game lasted 00:07:00 (6168 turns).

poirepourri the Grappler (Ghoul Gladiator)          Turns: 6168, Time: 00:07:01

Health: -2/67      AC:  6    Str: 18    XL:     9   Next: 72%
Magic:  8/8        EV: 12    Int:  3    God:
Gold:   443        SH:  2    Dex: 13    Spells: 8/8 levels left

rFire    . . .     SeeInvis .     - Unarmed
rCold    + . .     Gourm    .   (no shield)
rNeg     + + +     Faith    .   b - +0 leather armour
rPois    ∞         Spirit   .   k - +2 helmet
rElec    .         Reflect  +   o - scarf {repulsion}
rCorr    .         Harm     .   (no gloves)
MR       .....                  (no boots)
Stlth    +.........             q - +2 amulet of reflection
HPRegen  0.00/turn              (no ring)
MPRegen  0.11/turn              (no ring)

@: rotting, repel missiles
A: rotting body, claws 1, carnivore, cold resistance 1, negative energy
resistance 3, inhibited regeneration, torment resistance, unbreathing
a: no special abilities


You were on level 8 of the Dungeon.
You were not hungry.

You visited 2 branches of the dungeon, and saw 9 of its levels.

You collected 443 gold pieces.

Inventory:

Hand Weapons
 a - a +4 war axe of chopping
 n - a +3 flail of draining
Missiles
 c - 3 throwing nets (quivered)
 i - 66 bolts
Armour
 b - a +0 leather armour (worn)
 k - a +2 helmet (worn)
 o - a scarf of repulsion (worn)
 u - a scarf of repulsion
Jewellery
 q - a +2 amulet of reflection (around neck)
 t - a cursed ring of teleportation {unknown}
Wands
 e - a wand of flame (15)
 g - a wand of enslavement (15)
 h - a wand of acid (8)
 v - a wand of disintegration (13)
 A - a wand of digging (6)
Scrolls
 l - 4 scrolls of magic mapping
 m - 5 scrolls of remove curse
 r - a scroll of teleportation
 s - a scroll of fog
 w - a scroll of identify
 x - a scroll of blinking
 y - a scroll of amnesia
Potions
 f - a potion of curing
 j - a potion of cancellation
 p - a potion of brilliance
 z - a potion of ambrosia {unknown}
 B - a potion of berserk rage {unknown}
Comestibles
 d - 10 rations


   Skills:
 + Level 2.2 Fighting
 - Level 1.7 Throwing
 - Level 2.6 Dodging
 - Level 14.0 Unarmed Combat


You had 8 spell levels left.
You didn't know any spells.
Your spell library contained the following spells:

 Spells                   Type           Power        Failure   Level  Hunger
 Animate Skeleton         Necr           N/A          58%         1    ##.....
 Confusing Touch          Hex            #.....       58%         1    ##.....
 Flame Tongue             Conj/Fire      #....        58%         1    ##.....
 Pain                     Necr           #...         58%         1    ##.....
 Shock                    Conj/Air       #...         58%         1    ##.....
 Swiftness                Chrm/Air       #.......     73%         2    ###....
 Throw Flame              Conj/Fire      #.....       73%         2    ###....
 Confuse                  Hex            #.......     91%         3    ####...
 Conjure Flame            Conj/Fire      #.......     91%         3    ####...
 Gell's Gravitas          Tloc           #.........   91%         3    ####...
 Inner Flame              Hex/Fire       #.......     91%         3    ####...
 Regeneration             Chrm/Necr      #.........   91%         3    ####...
 Static Discharge         Conj/Air       #.......     91%         3    ####...
 Vampiric Draining        Necr           #.........   91%         3    ####...
 Airstrike                Air            #.........   100%        4    #####..
 Animate Dead             Necr           N/A          100%        4    #####..
 Petrify                  Tmut/Erth      #.......     100%        4    #####..
 Sticky Flame             Conj/Fire      #.......     100%        4    #####..
 Fireball                 Conj/Fire      #.........   100%        5    ######.
 Lightning Bolt           Conj/Air       #.........   100%        5    ######.
 Metabolic Englaciation   Hex/Ice        #.........   100%        5    ######.
 Yara's Violent Unravell  Hex/Tmut       #.........   100%        5    ######.


Dungeon Overview and Level Annotations

Branches:
Dungeon (8/15)             Temple (1/1) D:7
   Lair: D:8-11

Altars:
Ashenzari
Dithmenos
Fedhas
Gozag
Hepliaklqana
Kikubaaqudgha
Makhleb
Nemelex Xobeh
Okawaru
Qazlal
Ru
Sif Muna
Trog
Uskayaw
Vehumet
Wu Jian
Xom
Yredelemnul
Zin
The Shining One

Shops:
D:7 ?

Annotations:
D:8 Grum


Innate Abilities, Weirdness & Mutations

Your body is rotting away.
You thrive on raw meat.
You are immune to poison.
You have sharp fingernails.
You are carnivorous and can eat meat at any time.
Your flesh is cold resistant. (rC+)
You are immune to negative energy. (rN+++)
You do not regenerate when monsters are visible.
You are immune to unholy pain and torment.
You can survive without breathing.


Message History

The wolf misses you. The wolf barely misses you.
The wolf bites you but does no damage. x2
Things that are here:
a +0 whip; a +0 chain mail; an orc corpse The wolf barely misses you. x2
Things that are here:
a +0 short sword; a +0 plate armour; an orc corpse The wolf bites you!
* * * LOW HITPOINT WARNING * * *
The wolf bites you.
* * * LOW HITPOINT WARNING * * *
The wolf barely misses you.
The hound stops to sniff the ground.
You feel better. The wolf barely misses you. The wolf closely misses you.
The wolf bites you!
* * * LOW HITPOINT WARNING * * *
The wight hits you from afar with a cursed +0 trident.
* * * LOW HITPOINT WARNING * * *
The wolf bites you.
You die...

.........(.[......#####.####.....
........................# ##>....
...........)........##### #......
......%....÷......#...# ###.#...(
.................####.# #...##...
.............†.....##.# #.#######
...................##.###.#######
.###.###.....##....##............
. #. ###.....h@h...............
#. ...#...hhh...............
#.###....s)z....##........
...#.........g...##........ .#
..#####...z...###....#.. .##
#...z.#z# #.....##
#.#.....###.....#
#.#.......#.....##
......#.#.......#...


You could see Grum, 4 wolves, a hound, 4 wights and a giant cockroach.

Vanquished Creatures
  Edmund (D:5)
  3 orc warriors
  A black bear (D:7)
  3 phantoms
  3 centaurs
  3 ogres
  2 bullfrogs (D:7)
  2 scorpions
  3 wights
  A howler monkey (D:5)
  5 crimson imps
  4 orc priests
  A bullfrog skeleton (D:6)
  2 hounds
  2 jellies (D:6)
  8 orc wizards
  A centaur skeleton (D:5)
  2 iguanas (D:6)
  5 worker ants
  2 hound skeletons
  A worker ant zombie (D:5)
  6 gnolls (D:3)
  A howler monkey skeleton (D:5)
  7 adders
  A shadow imp (D:8)
  5 worms
  7 dart slugs
  A leopard gecko (D:1)
  33 orcs
  6 goblins
  5 hobgoblins
  4 jackals
  7 kobolds
  4 quokkas
  A ball python (D:5)
  A ball python skeleton (D:5)
  8 bats
  2 frilled lizards (D:2)
  A leopard gecko zombie (D:5)
  A quokka skeleton (D:5)
  A quokka zombie (D:6)
  4 rats
161 creatures vanquished.

Notes
Turn   | Place    | Note
-------+----------+-------------------------------------------
     0 | D:1      | poirepourri the Ghoul Gladiator began the quest for the
                  | Orb.
     0 | D:1      | Reached XP level 1. HP: 17/17 MP: 0/0
   222 | D:1      | Reached XP level 2. HP: 24/24 MP: 1/1
   226 | D:1      | Reached skill level 4 in Unarmed Combat
   854 | D:2      | Reached XP level 3. HP: 29/29 MP: 2/2
  1059 | D:2      | Reached skill level 5 in Unarmed Combat
  1277 | D:3      | Reached XP level 4. HP: 19/36 MP: 3/3
  1801 | D:3      | Reached skill level 6 in Unarmed Combat
  1806 | D:3      | Reached XP level 5. HP: 20/41 MP: 4/4
  2205 | D:3      | Reached skill level 7 in Unarmed Combat
  2338 | D:4      | Reached XP level 6. HP: 45/46 MP: 5/5
  2581 | D:4      | Reached skill level 8 in Unarmed Combat
  2605 | D:4      | Found an ornate altar of the Wu Jian Council.
  2814 | D:4      | Found a blossoming altar of Fedhas.
  2831 | D:4      | Reached XP level 7. HP: 34/55 MP: 6/6
  3050 | D:5      | Entered Level 5 of the Dungeon
  3088 | D:5      | Reached skill level 9 in Unarmed Combat
  3300 | D:5      | Found a shadowy altar of Dithmenos.
  3347 | D:5      | Reached skill level 10 in Unarmed Combat
  3347 | D:5      | Reached XP level 8. HP: 23/61 MP: 7/7
  3583 | D:5      | Noticed Edmund
  3600 | D:5      | Killed Edmund
  3754 | D:5      | Reached skill level 11 in Unarmed Combat
  4494 | D:6      | Reached skill level 12 in Unarmed Combat
  4588 | D:6      | Reached XP level 9. HP: 67/67 MP: 8/8
  4802 | D:7      | Found a staircase to the Ecumenical Temple.
  4834 | Temple   | Entered the Ecumenical Temple
  5136 | D:7      | Reached skill level 13 in Unarmed Combat
  5375 | D:7      | Found Kienoitt's Magic Scroll Emporium.
  5638 | D:7      | Found a deep blue altar of Sif Muna.
  6078 | D:8      | Reached skill level 14 in Unarmed Combat
  6149 | D:8      | Noticed Grum
  6167 | D:8      | HP: 3/67 [wolf[Grum] (4)]
  6168 | D:8      | Slain by a wolf

Skill      XL: |  1  2  3  4  5  6  7  8  9 |
---------------+----------------------------+-----
Unarmed Combat | 4 5 6 7 8 10 12 14 | 14.0
Fighting       | |  2.2
Throwing       | |  1.7
Dodging        | |  2.6

Action                   |  1- 3 |  4- 6 |  7- 9 || total
-------------------------+-------+-------+-------++-------
Melee: Unarmed           |    99 |   160 |   283 ||   542
       Punch             |     4 |     3 |    12 ||    19
       War axe           |       |       |    18 ||    18
Evoke: Wand              |       |       |     5 ||     5
  Use: Scroll            |     8 |     5 |     6 ||    19
       Potion            |       |     6 |     4 ||    10
  Eat: Chunk             |     7 |    15 |    24 ||    46
       Ration            |       |     1 |     1 ||     2
Armor: Leather armour    |    27 |    33 |    62 ||   122
Dodge: Dodged            |    51 |    79 |   186 ||   316
       Deflected         |       |     6 |     5 ||    11
Block: Other             |       |       |    14 ||    14
